 Dungeon Crawl Stone Soup version 0.31-a0-152-g6aa68a64a1 (webtiles) character file.

Game seed: 17326609495044667153

101 Conn the Firebug (level 4, -4/27 HPs)
             Began as an Octopode Fire Elementalist on June 10, 2023.
             Slain by a gnoll
             ... wielding a +0 spear
              (7 damage)
             ... on level 4 of the Dungeon.
             The game lasted 00:07:18 (2191 turns).

Conn the Firebug (Octopode Fire Elementalist)       Turns: 2191, Time: 00:07:19

Health: -4/27      AC:  1    Str: 12    XL:     4   Next: 75%
Magic:  0/8        EV: 13    Int: 24    God:
Gold:   174        SH:  0    Dex: 16    Spells: 2/8 levels left

rFire   . . .        f - +0 short sword
rCold   . . .        (no shield)
rNeg    + . .        (helmet restricted)
rPois   .            (no amulet)
rElec   .            i - +6 ring of strength
rCorr   .            h - +6 ring of intelligence
SInv    .            o - ring of positive energy
Will    .....        (no ring)
Stlth   ++++         (no ring)
HPRegen 0.24/turn    (no ring)
MPRegen 0.11/turn    (no ring)
                     (no ring)

%: no passive effects
@: very slightly contaminated
A: almost no armour, amphibious, 8 rings, camouflage 1, gelatinous body 1,
(nimble swimmer 1), tentacles, agile 1, high MP 1
a: no special abilities


You were on level 4 of the Dungeon.
You visited 1 branch of the dungeon, and saw 4 of its levels.

You collected 174 gold pieces.

Inventory:

Hand Weapons
 f - a +0 short sword (weapon)
Jewellery
 h - a +6 ring of intelligence (right tentacle)
 i - a +6 ring of strength (left tentacle)
 o - a ring of positive energy (on tentacle)
Scrolls
 b - 3 scrolls of magic mapping {unknown}
 d - 2 scrolls of fear {unknown}
 n - a scroll of silence {unknown}
 p - 4 scrolls of identify {unknown}
 q - 3 scrolls of blinking {unknown}
Potions
 a - a potion of magic
 g - a potion of invisibility {unknown}
 j - a potion of curing {unknown}
 k - a potion of resistance {unknown}
 l - a potion of degeneration {unknown}
 m - a potion of brilliance {unknown}


   Skills:
 + Level 0.1 Fighting
 + Level 0.3 Short Blades
 + Level 2.3 Dodging
 + Level 3.5 Stealth
 + Level 2.6 Spellcasting
 + Level 1.7 Conjurations
 + Level 4.1 Fire Magic


You had 2 spell levels left.
You knew the following spells:

 Your Spells              Type           Power      Damage    Failure   Level
a - Foxfire               Conj/Fire      68%        2x1d7     3%          1
b - Scorch                Fire           44%        2d6       3%          2
c - Inner Flame           Hex/Fire       12%        N/A       14%         3

Your spell library contained the following spells:

 Spells                   Type           Power      Damage    Failure   Level
 Apportation              Tloc           6%         N/A       12%         1
 Necrotise                Necr           12%        1d4       12%         1
 Summon Small Mammal      Summ           12%        N/A       12%         1
 Volatile Blastmotes      Fire/Tloc      24%        2d12      14%         3
 Flame Wave               Conj/Fire      17%        2d7       34%         4


Dungeon Overview and Level Annotations

Branches:
Dungeon (4/15)
 Temple: D:4-7

Altars:
Cheibriados
Elyvilon
Kikubaaqudgha
Nemelex Xobeh
Okawaru
Uskayaw
Wu Jian
The Shining One


Innate Abilities, Weirdness & Mutations

You cannot wear most types of armour.
You are amphibious.
You can wear up to eight rings at the same time.
Your skin changes colour to match your surroundings (Stealth+).
Your rubbery body absorbs attacks. (AC +1, EV +1)
((You are camouflaged when in or above water. (Stealth+)))
You have tentacles for arms and can constrict up to eight enemies at once.
You are agile. (Dex +4, Str/Int -1)
You have an increased reservoir of magic. (+10% MP)


Message History

You feel less invigorated.
You feel less confused.
Okay, then.
Unknown command.
Unknown command.
Unknown command.
Casting: Scorch (safe; 3% risk of failure)
Confirm with . or Enter, or press ? or * to list all spells.
The spell is quite dangerous to miscast (14% risk of failure)!
Continue anyway?
Aiming: Inner Flame (quite dangerous; 14% risk of failure)
Press: ? - help, Dir - move target, f - gnoll, p - gnoll
Aim: a gnoll, wielding a +0 spear (heavily wounded, chance to affect: 73%)
You miscast Inner Flame.
You are very lightly contaminated with residual magic.
Nothing appears to happen.
The gnoll hits you with a +0 whip!
The gnoll hits you from afar with a +0 spear!
* * * LOW HITPOINT WARNING * * *
Okay, then.
Okay, then.
Okay, then.
Casting: Inner Flame (quite dangerous; 14% risk of failure)
Confirm with . or Enter, or press ? or * to list all spells.
Flames lash the gnoll.
The gnoll is moderately wounded.
The gnoll's fire resistance burns away.
The gnoll hits you with a +0 whip.
* * * LOW HITPOINT WARNING * * *
The gnoll misses you.
Casting: Scorch (safe; 3% risk of failure)
Confirm with . or Enter, or press ? or * to list all spells.
Flames lash the gnoll.
The gnoll is severely wounded.
The gnoll's fire resistance burns away.
The gnoll barely misses you. x2
You aren't carrying any items that you can evoke.
Unknown command.
Unknown command.
It was a potion of mutation.
You feel extremely strange.
You feel more energetic.
You feel agile. The gnoll closely misses you.
The gnoll hits you from afar with a +0 spear!
You die...

########## .........#
.........# ############
.........# #..........#
.........# #.########.#
.........#####.# #.#
.........gggg@.# #.####
###....#.########### #.##.#
#....#.####......####.##.###
+.....gg..+..)....>.........
#........##........##....###
####.....#####'##..#######
#.######.....##....##.......#
#............#.......#......#
#............#....)..#..#...###


You could see 4 gnolls.

Vanquished Creatures
  Natasha (twice) (D:2)
  2 dart slugs (D:1)
  6 bats
  5 endoplasms
  A giant cockroach (D:1)
  4 goblins
  A hobgoblin (D:1)
  3 jackals (D:3)
  2 quokkas (D:2)
  2 ball pythons
  A frilled lizard (D:1)
  9 kobolds
  5 rats
43 creatures vanquished.

Vanquished Creatures (others)
  125 foxfires
125 creatures vanquished.

Grand Total: 168 creatures vanquished

Notes
Turn   | Place    | Note
-------+----------+-------------------------------------------
     0 | D:1      | Conn the Octopode Fire Elementalist began the quest for the
                  | Orb.
     0 | D:1      | Reached XP level 1. HP: 11/11 MP: 3/3
   149 | D:1      | Reached XP level 2. HP: 17/17 MP: 3/5
   311 | D:1      | You fall into a shaft and drop 1 floor!
   378 | D:2      | Noticed Natasha
   388 | D:2      | Killed Natasha
   389 | D:2      | Reached XP level 3. HP: 16/21 MP: 0/6
  1152 | D:2      | Reached XP level 4. HP: 27/27 MP: 4/7
  1322 | D:2      | Noticed Natasha
  1328 | D:2      | Killed Natasha
  1329 | D:2      | Reached skill level 4 in Fire Magic
  1338 | D:2      | Learned a level 2 spell: Scorch
  1342 | D:2      | Learned a level 3 spell: Inner Flame
  1463 | D:3      | Found a hide-covered altar of Uskayaw.
  1793 | D:3      | Found a sparkling altar of Nemelex Xobeh.
  1796 | D:3      | Found an ancient bone altar of Kikubaaqudgha.
  1800 | D:3      | Found a white marble altar of Elyvilon.
  1800 | D:3      | Found an ornate altar of the Wu Jian Council.
  1800 | D:3      | Found a glowing golden altar of the Shining One.
  1801 | D:3      | Found an iron altar of Okawaru.
  1805 | D:3      | Found a snail-covered altar of Cheibriados.
  2191 | D:4      | Gained mutation: You have an increased reservoir of magic.
                  | (+10% MP) [potion of mutation]
  2191 | D:4      | Gained mutation: You are agile. (Dex +4, Str/Int -1)
                  | [potion of mutation]
  2191 | D:4      | Slain by a gnoll

Illustrated notes

Levels and vault maps discovered:
D:1:      matt_arrival_grand_opening, layout_rooms
D:2:      layout_basic, serial_bayou_ford_a, chequers_serial_rivers_room_b,
          uniq_natasha
D:3:      layout_basic, minitemple, nicolae_uskayaw_suspiria
D:4:      kennysheep_big_flooded_room, layout_basic, hangedman_ru_absence

Skill      XL: |  1  2  3  4 |
---------------+-------------+-----
Stealth        | 3 |  3.5
Fire Magic     | 4 |  4.1
Fighting       | |  0.1
Short Blades   | |  0.3
Dodging        | |  2.3
Spellcasting   | |  2.6
Conjurations   | |  1.7

Action                     |  1- 3 |  4- 6 || total
---------------------------+-------+-------++-------
  Melee: Unarmed           |     6 |       ||     6
         Constrict         |     6 |       ||     6
         Tentacles         |     2 |       ||     2
         Short sword       |    15 |     8 ||    23
         Punch             |     1 |       ||     1
   Cast: Foxfire           |    43 |    24 ||    67
         Scorch            |       |     4 ||     4
         Inner Flame       |       |     1 ||     1
    Use: Potion            |       |     2 ||     2
   Stab: Sleeping          |     5 |     3 ||     8
 Armour: Skin              |       |     1 ||     1
  Dodge: Dodged            |    14 |    13 ||    27

Table legend: (Time is in decaauts)
 A = Elapsed time spent in this place.
 B = Non-inter-level travel time spent in this place.
 C = Inter-level travel time spent in this place.
 D = Time resting spent in this place.
 E = Time spent auto-exploring this place.
 F = Levels seen in this place.
 G = Mean time per level.
                   A        B        C        D        E       F      G
               +--------+--------+--------+--------+--------+-----+--------+
         Total |   2187 |   2157 |     30 |      0 |   1482 |   4 |  546.8 |
       Dungeon |   2187 |   2157 |     30 |      0 |   1482 |   4 |  546.8 |
               +--------+--------+--------+--------+--------+-----+--------+

Top non-repeatable levels by time:
     D:2: 883 daAuts
     D:3: 615 daAuts
     D:1: 532 daAuts
     D:4: 155 daAuts
